 Dungeon Crawl Stone Soup version 0.28-a0-1518-gbe868bca14 (webtiles) character file.

Game seed: 3932050510906787072

98 Demosthentine the Cutter (level 5, -9/33 HPs)
             Began as a Kobold Berserker on Jan 16, 2022.
             Was a Believer of Trog.
             Killed from afar by a hell hound (19 damage)
             ... with a blast of flame
             ... on level 1 of the Abyss.
             The game lasted 00:03:22 (3280 turns).

Demosthentine the Cutter (Kobold Berserker)         Turns: 3280, Time: 00:03:22

Health: -9/33      AC:  3    Str: 13    XL:     5   Next: 0%
Magic:  4/4        EV: 15    Int:  8    God:    Trog [**....]
Gold:   130        SH:  0    Dex: 14    Spells: 4/4 levels left

rFire   . . .      SeeInvis .   a - +0 short sword
rCold   . . .      Faith    .   (no shield)
rNeg    . . .      Spirit   .   b - +0 animal skin
rPois   .          Reflect  .   (no helmet)
rElec   .          Harm     .   (no cloak)
rCorr   .          Rampage  .   (no gloves)
Will    .....      Rage     3%  f - +0 pair of boots
Stlth   ++........              (no amulet)
HPRegen 0.11/turn               (no ring)
MPRegen 0.09/turn               (no ring)

@: no status effects
A: small, no large weapons, nightstalker 3, [berserk 2], [low mp 2], [weak 2]
a: Renounce Religion, Berserk, Trog's Hand


You were on level 1 of the Abyss.
You worshipped Trog.
Trog was pleased with you.
You visited 1 branch of the dungeon, and saw 3 of its levels.
You visited the Abyss 1 time.

You collected 130 gold pieces.

Inventory:

Hand Weapons
 a - a +0 short sword (weapon)
Armour
 b - a +0 animal skin (worn)
 f - a +0 pair of boots (worn)
Wands
 d - a wand of iceblast (10)
Potions
 c - a potion of resistance {unknown}
 e - a potion of heal wounds {unknown}
 g - 2 potions of curing {unknown}
 h - a potion of degeneration {unknown}
 i - a potion of magic {unknown}


   Skills:
 + Level 4.1 Fighting
 + Level 4.9 Short Blades
 + Level 2.3 Armour
 + Level 3.4 Dodging


You had 4 spell levels left.
You didn't know any spells.
Your spell library was empty.

Dungeon Overview and Level Annotations

Branches:
Dungeon (3/15)

Altars:

Annotations:
D:3 Shayle's ghost, amateur DjWr


Innate Abilities, Weirdness & Mutations

You are small and have problems with some larger weapons.
You are completely attuned to the shadows.
[You often lose your temper in combat.]
[Your magical capacity is very low. (-20% MP)]
[You are very weak. (Str -4)]


Message History

Unknown command.
Unknown command.
Unknown command.
Unknown command.
A hell hound comes into view.
Unknown command.
Unknown command.
Unknown command.
The hell hound barks!
You hear a bark! x2
Unknown command.
Unknown command.
Unknown command.
Unknown command.
Unknown command.
A small abomination comes into view.
Unknown command.
Unknown command.
Unknown command.
Unknown command.
Unknown command.
The wretched star pulses with an eldritch light!
You feel weaker. x2
The hell hound misses you.
The wretched star pulses with an eldritch light!
You feel a little pissed off.
You feel angry.
Unknown command.
Unknown command.
The hell hound barely misses you.
Unknown command.
The hell hound breathes flames at you. The blast of flame hits you!
Unknown command.
The hell hound bites you but does no damage.
A tentacled starspawn comes into view.
The hell hound bites you.
Unknown command.
The hell hound breathes flames at you. The blast of flame hits you!!
Ouch! That really hurt!
You die...

# ..
#.###...#
ยงยง#..#...
##.....#
....@#.###
.#.#.#.#. #
##X#h#....
##.#*##
#.##.## ##.
#.# ####.##
##...###
#......


You could see a tentacled starspawn, a wretched star and a hell hound (catching
breath).

Vanquished Creatures
  2 adders
  An adder skeleton (D:2)
  3 worms
  2 dart slugs
  An orc (D:3)
  5 ball pythons
  7 bats
  10 endoplasms
  2 giant cockroaches (D:1)
  8 goblins
  4 hobgoblins
  2 jackals (D:1)
  A quokka (D:3)
  3 frilled lizards
  5 kobolds
  2 rats
58 creatures vanquished.

Notes
Turn   | Place    | Note
-------+----------+-------------------------------------------
     0 | D:1      | Demosthentine the Kobold Berserker began the quest for the
                  | Orb.
     0 | D:1      | Reached XP level 1. HP: 14/14 MP: 1/1
   296 | D:1      | Reached XP level 2. HP: 19/19 MP: 2/2
   405 | D:1      | Found a faded altar of an unknown god.
   535 | D:1      | Reached XP level 3. HP: 18/23 MP: 3/3
  1561 | D:2      | Reached ** piety under Trog
  1562 | D:2      | Reached XP level 4. HP: 29/29 MP: 4/4
  2977 | D:3      | Reached XP level 5. HP: 30/33 MP: 5/5
  3030 | D:3      | Found a runed translucent gate.
  3030 | D:3      | Found a runed translucent gate.
  3030 | D:3      | Found a runed translucent gate.
  3031 | D:3      | Noticed a kobold brigand
  3032 | D:3      | Noticed Shayle's ghost (amateur DjWr)
  3179 | D:3      | Cast into level 1 of the Abyss (kobold)
  3203 | Abyss:1  | Noticed a neqoxec
  3206 | Abyss:1  | Found a shimmering altar of Xom.
  3206 | Abyss:1  | Found a shimmering altar of Xom.
  3207 | Abyss:1  | Found a shimmering altar of Xom.
  3207 | Abyss:1  | Found a shimmering altar of Xom.
  3207 | Abyss:1  | Found a shimmering altar of Xom.
  3208 | Abyss:1  | Found a corrupted altar of Lugonu.
  3208 | Abyss:1  | Found a shimmering altar of Xom.
  3208 | Abyss:1  | Found a shimmering altar of Xom.
  3208 | Abyss:1  | Found a shimmering altar of Xom.
  3210 | Abyss:1  | Found a shimmering altar of Xom.
  3210 | Abyss:1  | Found a shimmering altar of Xom.
  3211 | Abyss:1  | Found a shimmering altar of Xom.
  3239 | Abyss:1  | Noticed a large abomination
  3241 | Abyss:1  | Noticed a wretched star
  3248 | Abyss:1  | Noticed a starcursed mass
  3257 | Abyss:1  | Noticed a hell hound
  3279 | Abyss:1  | Noticed a tentacled starspawn
  3280 | Abyss:1  | Killed from afar by a hell hound

Illustrated notes

Levels and vault maps discovered:
D:1:      minmay_arrival_cross, layout_loops_ring, basic_ecumenical_altar,
          hangedman_decor_clover_reticule
D:2:      layout_basic, nicolae_concentric_dashed_squares_mild
D:3:      layout_rooms, gammafunk_ghost_nasty_kobolds
Abyss:1:  base: Temple, bh_abyss_xom_lugonu_altar

Skill      XL: |  1  2  3  4 |
---------------+-------------+-----
Armour         | 2 |  2.3
Dodging        | 3 |  3.4
Fighting       | 4 |  4.1
Short Blades   | |  4.9

Action                   |  1- 3 |  4- 6 || total
-------------------------+-------+-------++-------
Melee: Short sword       |    89 |   116 ||   205
       Punch             |     1 |     1 ||     2
Invok: Berserk           |     1 |     1 ||     2
  Use: Scroll            |     1 |     3 ||     4
 Stab: Sleeping          |    11 |     6 ||    17
Armor: Animal skin       |    14 |    24 ||    38
Dodge: Dodged            |    57 |    57 ||   114

Table legend: (Time is in decaauts)
 A = Elapsed time spent in this place.
 B = Non-inter-level travel time spent in this place.
 C = Inter-level travel time spent in this place.
 D = Time resting spent in this place.
 E = Time spent auto-exploring this place.
 F = Levels seen in this place.
 G = Mean time per level.
                   A        B        C        D        E       F      G
               +--------+--------+--------+--------+--------+-----+--------+
         Total |   3273 |   3221 |     52 |      0 |   2729 |   4 |  818.2 |
       Dungeon |   3173 |   3121 |     52 |      0 |   2706 |   3 | 1057.7 |
         Abyss |    100 |    100 |      0 |      0 |     23 |   1 |  100.0 |
               +--------+--------+--------+--------+--------+-----+--------+

Top non-repeatable levels by time:
     D:3: 1195 daAuts
     D:1: 1089 daAuts
     D:2: 888 daAuts
 Abyss:1: 100 daAuts
